 Dungeon Crawl Stone Soup version 0.30-a0-757-ga6a79fd877 (webtiles) character file.

Game seed: 8837123476788082202

40 themarg the Insei (level 3, 0/23 HPs)
             Began as an Octopode Transmuter on Feb 10, 2023.
             Slain by a hobgoblin (5 damage)
             ... on level 2 of the Dungeon.
             The game lasted 00:04:18 (980 turns).

themarg the Insei (Octopode Transmuter)              Turns: 980, Time: 00:04:19

Health: 0/23       AC:  1    Str:  9    XL:     3   Next: 50%
Magic:  5/6        EV: 13    Int: 17    God:
Gold:   36         SH:  0    Dex: 12    Spells: 3/6 levels left

rFire   . . .      SeeInvis .      - Unarmed
rCold   . . .      Faith    .    (no shield)
rNeg    + . .      Spirit   .    (helmet currently unavailable)
rPois   .          Reflect  .    (no amulet)
rElec   .          Harm     .    h - ring of positive energy
rCorr   .          Rampage  .    (no ring)
Will    .....                    (no ring)
Stlth   +++                      (no ring)
HPRegen 0.23/turn                (no ring)
MPRegen 0.10/turn                (no ring)
                                 (no ring)
                                 (no ring)

@: appendages
A: tentacle spike 3, almost no armour, amphibious, 8 rings, camouflage 1,
gelatinous body 1, (nimble swimmer 1), tentacles
a: End Transformation


You were on level 2 of the Dungeon.
One of your tentacles had grown a beastly spike.
You visited 1 branch of the dungeon, and saw 2 of its levels.

You collected 36 gold pieces.

Inventory:

Missiles
 c - 18 stones
Jewellery
 h - a ring of positive energy (left tentacle)
Scrolls
 e - a scroll of torment {unknown}
 f - 2 scrolls of brand weapon
Potions
 a - a potion of lignification
 b - a potion of attraction {unknown}
 d - a potion of degeneration {unknown}
 g - 2 potions of invisibility {unknown}
 i - a potion of haste {unknown}
 j - a potion of curing


   Skills:
 - Level 1.0 Fighting
 - Level 2.0 Dodging
 - Level 2.0 Stealth
 + Level 4.0 Unarmed Combat
 - Level 2.0 Spellcasting
 - Level 2.0 Transmutations
 - Level 1.0 Poison Magic


You had 3 spell levels left.
You knew the following spells:

 Your Spells              Type           Power      Damage    Failure   Level
a - Beastly Appendage     Tmut           16%        N/A       9%          1
b - Wereblood             Tmut           8%         N/A       13%         2

Your spell library contained the following spells:

 Spells                   Type           Power      Damage    Failure   Level
 Spider Form              Tmut/Pois      6%         N/A       30%         3
 Ice Form                 Ice/Tmut       5%         N/A       77%         4


Dungeon Overview and Level Annotations

Branches:
Dungeon (2/15)

Altars:
Ru

Shops:
D:1 [


Innate Abilities, Weirdness & Mutations

One of your tentacles has grown a beastly spike.
You cannot wear most types of armour.
You are amphibious.
You can wear up to eight rings at the same time.
Your skin changes colour to match your surroundings (Stealth+).
Your rubbery body absorbs attacks. (AC +1, EV +1)
((You are camouflaged when in or above water. (Stealth+)))
You have tentacles for arms and can constrict up to eight enemies at once.


Message History

g - 2 viscous emerald potions (gained 1)
A ball python comes into view.
A ball python is nearby!
You miscast Beastly Appendage.
You are very lightly contaminated with residual magic.
Nothing appears to happen.
A worm and a ball python come into view.
Found a club and a grey potion.
Found a stone staircase leading up.
The ball python hisses angrily. x2; You hear a shout!
The ball python bites you. The ball python grabs you.
The ball python constricts you.
A hobgoblin comes into view.
You tentacle-slap the ball python. Your grab misses the ball python.
You pierce the ball python.
You kill the ball python!
Your tentacle spike disappears.
Your magical contamination has completely faded away.
The ball python attacks as you move away!
The ball python bites you. The ball python completely misses you.
One of your tentacles grows a vicious spike.
The ball python barely misses you. The ball python grabs you.
The ball python constricts you.
You barely miss the ball python. Your grab misses the ball python.
The ball python bites you. The ball python constricts you.
The ball python bites you. The ball python constricts you.
You tentacle-slap the ball python.
You kill the ball python!
The worm bites you!
* * * LOW HITPOINT WARNING * * *
You tentacle-slap the worm. You grab the worm. You squeeze the worm.
The worm is heavily wounded.
You constrict the worm. You barely miss the worm.
You pierce the worm, but do no damage.
You tentacle-slap the worm. You squeeze the worm.
You kill the worm!
Your Unarmed Combat skill increases to level 4!
You closely miss the hobgoblin. Your grab misses the hobgoblin.
You pierce the hobgoblin, but do no damage.
The hobgoblin hits you.
You die...

#..<......!.#
#.#
#...........#
#.#
#...........#
#.# #
#...........#
#.#
##.#...........#
#.#
..........†..).#
#.<
....#..........#
###
._.......##g####
.........##@#
.....#..##.#
.... #..##.# ###
#..##.# #..##.#
#.....# #.....#
#....##
##########
##...#
#.........


You could see a hobgoblin.

Vanquished Creatures
  A worm (D:2)
  4 bats
  2 endoplasms
  A giant cockroach (D:1)
  4 goblins
  4 hobgoblins
  4 jackals (D:1)
  3 kobolds (D:1)
  2 quokkas (D:1)
  5 ball pythons
  A frilled lizard (D:2)
  2 rats (D:1)
33 creatures vanquished.

Notes
Turn   | Place    | Note
-------+----------+-------------------------------------------
     0 | D:1      | themarg the Octopode Transmuter began the quest for the
                  | Orb.
     0 | D:1      | Reached XP level 1. HP: 13/13 MP: 3/3
    60 | D:1      | Reached skill level 1 in Stealth
   193 | D:1      | Reached skill level 1 in Poison Magic
   250 | D:1      | Reached XP level 2. HP: 18/18 MP: 3/5
   253 | D:1      | Learned a level 2 spell: Wereblood
   509 | D:1      | Found Xoijeifij's Antique Armour Boutique.
   607 | D:1      | Reached XP level 3. HP: 2/23 MP: 3/6
   955 | D:2      | Found a sacrificial altar of Ru.
   980 | D:2      | Reached skill level 4 in Unarmed Combat
   980 | D:2      | Slain by a hobgoblin

Illustrated notes

Levels and vault maps discovered:
D:1:      shiori_arrival_oz, layout_basic, serial_shops, shop,
          hangedman_feature_mirror
D:2:      layout_basic, basic_altar, minmay_tetromino_l2

Skill      XL: |  1  2  3 |
---------------+----------+-----
Stealth        | 1 2 |  2.0
Poison Magic   | 1 |  1.0
Unarmed Combat | 4 |  4.0
Fighting       | |  1.0
Dodging        | |  2.0
Spellcasting   | |  2.0
Transmutations | |  2.0

Action                     || total
---------------------------++-------
  Melee: Unarmed           ||    71
         Constrict         ||    21
         Kick              ||    23
         Tentacles         ||    13
         Punch             ||     4
   Cast: Beastly Appendage ||    23
         Wereblood         ||     1
    Use: Scroll            ||     1
         Potion            ||     1
   Stab: Sleeping          ||     3
 Armour: Skin              ||     8
  Dodge: Dodged            ||    39

Table legend: (Time is in decaauts)
 A = Elapsed time spent in this place.
 B = Non-inter-level travel time spent in this place.
 C = Inter-level travel time spent in this place.
 D = Time resting spent in this place.
 E = Time spent auto-exploring this place.
 F = Levels seen in this place.
 G = Mean time per level.
                   A        B        C        D        E       F      G
               +--------+--------+--------+--------+--------+-----+--------+
         Total |    974 |    966 |      8 |     63 |    660 |   2 |  487.0 |
       Dungeon |    974 |    966 |      8 |     63 |    660 |   2 |  487.0 |
               +--------+--------+--------+--------+--------+-----+--------+

Top non-repeatable levels by time:
     D:1: 865 daAuts
     D:2: 109 daAuts
